 Dungeon Crawl Stone Soup version 0.28-a0-1182-g381e24db82 (webtiles) character file.

Game seed: 1051632810784281478

79 RepHenryClay the Magician (level 4, -6/31 HPs)
             Began as a Djinni Ice Elementalist on Dec 16, 2021.
             Mangled by a gnoll (8 damage)
             ... on level 2 of the Dungeon.
             The game lasted 00:02:45 (2069 turns).

RepHenryClay the Magician (Djinni Ice Elementalist) Turns: 2069, Time: 00:02:46

Health: -6/31      AC:  2    Str:  7    XL:     4   Next: 62%
Gold:   27         EV: 12    Int: 18    God:
                   SH:  0    Dex: 14

rFire   + + .      SeeInvis .   (no weapon)
rCold   x . .      Faith    .   (no shield)
rNeg    . . .      Spirit   .   a - +0 robe
rPois   ∞          Reflect  .   (no helmet)
rElec   .          Harm     .   (no cloak)
rCorr   .          Rampage  .   (no gloves)
Will    .....                   (boots unavailable)
Stlth   ++........              (no amulet)
HPRegen 0.10/turn               (no ring)
MPRegen 0.00/turn               (no ring)

@: freezing walls, flying
A: sickness immunity, fire resistance 2, cold vulnerability 1, float, innate
caster, hp casting, extra vitality 1
a: no special abilities


You were on level 2 of the Dungeon.
You visited 1 branch of the dungeon, and saw 2 of its levels.

You collected 27 gold pieces.

Inventory:

Missiles
 g - 73 stones
Armour
 a - a +0 robe (worn)
Scrolls
 d - a scroll of immolation {unknown}
 h - a scroll of summoning {unknown}
Potions
 b - 4 potions of curing {unknown}
 c - a potion of resistance {unknown}
 e - a potion of heal wounds {unknown}
 f - a potion of mutation {unknown}


   Skills:
 - Level 2.2 Dodging
 - Level 1.7 Stealth
 + Level 4.4 Spellcasting


You couldn't memorise any spells.
You knew the following spells:

 Your Spells              Type           Power      Damage    Failure   Level
a - Freeze                Ice            80%        1d9       2%          1
b - Frozen Ramparts       Ice            40%        1d6       7%          3
c - Ozocubu's Armour      Ice            20%        N/A       7%          3
d - Hailstorm             Conj/Ice       20%        3d6       22%         4
e - Sandblast             Erth           40%        2d10      2%          1
Your spell library was empty.

Dungeon Overview and Level Annotations

Branches:
Dungeon (2/15)

Altars:

Annotations:
D:2 1 runed translucent door, Crazy Yiuf


Innate Abilities, Weirdness & Mutations

You are immune to sickness and miasma.
You are immune to poison.
Your flesh is very heat resistant. (rF++)
You are vulnerable to cold. (rC-)
You float through the air rather than walking.
You learn spells naturally, not from books.
Your magical power is your life essence.
You have superior vitality. (+4 HP)


Message History

The wall freezes the gnoll.
You have reached level 4!
You feel agile.
The wall freezes the hobgoblin.
You kill the hobgoblin!
The wall freezes the gnoll.
The gnoll hits you with a +0 whip!
The wall freezes the adder.
The adder seems to slow down.
Huge Dmg: -23%(-7hp) hp: 68%(21hp)
The wall freezes the gnoll.
The gnoll barely misses you.
Unknown command.
The wall freezes the adder.
The adder seems to slow down.
The adder closely misses you.
The wall freezes the gnoll.
You kill the gnoll!
The wall freezes the gnoll.
Unknown command.
The frozen ramparts melt away.
The adder barely misses you. The gnoll hits you with a +0 flail!
* * * LOW HITPOINT WARNING * * *
Huge Dmg: -32%(-10hp) hp: 36%(11hp)
Casting: Frozen Ramparts (quite dangerous; 7% risk of failure)
Confirm with . or Enter, or press ? or * to list all spells.
The spell is quite dangerous to miscast (7% risk of failure)!
Continue anyway?
Casting: Frozen Ramparts (quite dangerous; 7% risk of failure)
Press: ? - help, Dir - look around, f - activate The walls around you are covered in ice.
* * * LOW HITPOINT WARNING * * *
The wall freezes the adder.
You kill the adder!
The wall freezes the kobold.
You kill the kobold!
Damage: -6%(-2hp) hp: 30%(9hp) Unknown command.
The gnoll hits you from afar with a +0 spear!
* * * LOW HITPOINT WARNING * * *
The wall freezes the gnoll.
The gnoll barely misses you.
Huge Dmg: -23%(-7hp) hp: 7%(2hp)
The gnoll closely misses you.
The wall freezes the gnoll.
The gnoll misses you.
Unknown command.
The gnoll hits you from afar with a +0 spear!
You die...

#≈≈≈≈.§§≈#........# #
+..≈.....+..##..#.##
+§....≈..+......#..#
#§≈§.§≈≈§#.<...###.###
#§§§..§§ #.....# #...#
≈≈.)§ #.....# ###.###
#g)####....## #....
#..#.......# #####
#)g@.......#########
####...............#
##..............#
##...#.........##
#####...........
#.........##
#.....).....
#.........#.
###########.


You could see 2 gnolls.

Vanquished Creatures
  2 gnolls (D:2)
  An adder (D:2)
  A worm (D:2)
  A dart slug (D:1)
  3 endoplasms
  3 giant cockroaches (D:1)
  2 goblins (D:1)
  7 hobgoblins
  6 jackals
  A quokka (D:2)
  3 ball pythons
  4 bats
  3 frilled lizards
  3 kobolds
  2 rats (D:1)
42 creatures vanquished.

Notes
Turn   | Place    | Note
-------+----------+-------------------------------------------
     0 | D:1      | RepHenryClay the Djinni Ice Elementalist began the quest
                  | for the Orb.
     0 | D:1      | Reached XP level 1. HP: 15/15 MP: 0/0
    97 | D:1      | Reached XP level 2. HP: 15/21 MP: 0/0
   731 | D:1      | Reached XP level 3. HP: 24/25 MP: 0/0
   731 | D:1      | Learned a level 1 spell: Sandblast
  1163 | D:2      | Reached skill level 4 in Spellcasting
  1357 | D:2      | Found a runed translucent door.
  1358 | D:2      | Noticed Crazy Yiuf
  1567 | D:2      | Found a faded altar of an unknown god.
  2061 | D:2      | Reached XP level 4. HP: 28/31 MP: 0/0
  2069 | D:2      | Mangled by a gnoll

Illustrated notes

Levels and vault maps discovered:
D:1:      ncdulo_halloftheorcs, layout_basic
D:2:      layout_rooms, hellmonk_ecumenical_altar_dog_temple,
          kennysheep_generic_room_4, uniq_crazy_yiuf_cottage

Skill      XL: |  1  2  3 |
---------------+----------+-----
Spellcasting   | 4 |  4.4
Dodging        | |  2.2
Stealth        | |  1.7

Action                   |  1- 3 |  4- 6 || total
-------------------------+-------+-------++-------
Melee: Unarmed           |     9 |       ||     9
 Cast: Freeze            |    58 |       ||    58
       Frozen Ramparts   |     1 |     1 ||     2
 Stab: Sleeping          |     1 |       ||     1
Armor: Robe              |    10 |       ||    10
Dodge: Dodged            |    35 |     6 ||    41

Table legend: (Time is in decaauts)
 A = Elapsed time spent in this place.
 B = Non-inter-level travel time spent in this place.
 C = Inter-level travel time spent in this place.
 D = Time resting spent in this place.
 E = Time spent auto-exploring this place.
 F = Levels seen in this place.
 G = Mean time per level.
                   A        B        C        D        E       F      G
               +--------+--------+--------+--------+--------+-----+--------+
         Total |   2069 |   2007 |     62 |    192 |   1561 |   2 | 1034.5 |
       Dungeon |   2069 |   2007 |     62 |    192 |   1561 |   2 | 1034.5 |
               +--------+--------+--------+--------+--------+-----+--------+

Top non-repeatable levels by time:
     D:1: 1259 daAuts
     D:2: 810 daAuts
